 Dungeon Sprint DCSS version 0.23-a0-650-ga4d50d4 (webtiles) character file.

44 Leeroy the Carver (level 3, 0/24 HPs)
             Began as a Barachi Ice Elementalist on Jan 6, 2019.
             Was an Initiate of Qazlal.
             Slain by a +2 trident of piercing (2 damage)
             ... in the Dungeon (Sprint V: "Ziggurat Sprint").
             The game lasted 00:02:06 (123 turns).

Leeroy the Carver (Barachi Ice Elementalist)         Turns: 123, Time: 00:02:07

Health: 0/24       AC: 25    Str: 10    XL:     3   Next: 62%
Magic:  6/6        EV: -6    Int: 15    God:    Qazlal [......]
Gold:   0          SH: 24    Dex: 12    Spells: 5/6 levels left

rFire    . . .     SeeInvis .   M - +5 demon blade
rCold    . . .     Gourm    .   E - +18 shield of the Gong {rElec rN+ MR+ EV-5}
rNeg     + . .     Faith    .   D - +15 Maxwell's patent armour {-Cast -Tele rElec MR+ rCorr}
rPois    .         Spirit   .   (no helmet)
rElec    +         Reflect  .   (no cloak)
rCorr    +         Harm     .   (no gloves)
MR       ++...     NoTele   +   (no boots) Stlth ..........NoCast +
                                (no amulet)
HPRegen  0.08/turn              (no ring)
MPRegen  0.10/turn              (no ring)

@: slow
A: +LOS, swims, slowness 1, strong legs 1
a: Hop, Renounce Religion


You were in the Dungeon.
You worshipped Qazlal.
Qazlal was noncommittal.
You were not hungry.

You visited 1 branch

Inventory:

Hand Weapons
 F - the +7 Singing Sword {slice, sonic wave}
   (You found it in the Dungeon)

   It inflicts extra damage upon your enemies.
 G - the +11 plutonium sword {*Contam Stlth-}
   (You found it in the Dungeon)

   It causes magical contamination when unequipped.
   It makes you less stealthy.
 H - the +9 sword of Zonguldrok {reap}
   (You found it in the Dungeon)

   If a monster killed with it leaves a corpse in good enough shape, the corpse
   will be animated as a zombie friendly to the killer.
 M - a +5 demon blade (weapon)
 N - a +5 triple sword
Armour
 a - a +0 robe
 D - the +15 Maxwell's patent armour (worn) {-Cast -Tele rElec MR+ rCorr}
   (You found it in the Dungeon)

   It insulates you from electricity.
   It affects your resistance to hostile enchantments.
   It prevents spellcasting.
   It prevents most forms of teleportation.
   It provides partial protection from all sources of acid and corrosion.
 E - the +18 shield of the Gong (worn) {rElec rN+ MR+ EV-5}
   (You found it in the Dungeon)

   It affects your evasion (-5).
   It insulates you from electricity.
   It protects you from negative energy.
   It affects your resistance to hostile enchantments.
 O - +5 fire dragon scales
 P - +5 ice dragon scales
Magical Staves
 K - an uncursed staff of energy
Jewellery
 l - an uncursed amulet of the acrobat
 u - a +6 ring of dexterity
 v - a +6 ring of dexterity
 w - a +6 ring of intelligence
 x - a +6 ring of intelligence
 y - a +6 ring of strength
 z - a +6 ring of strength
 J - an uncursed ring of flight
Wands
 A - a wand of disintegration (7)
 B - a wand of iceblast (7)
 C - a wand of acid (7)
Scrolls
 i - 4 scrolls of blinking
 o - 4 scrolls of amnesia
 p - 7 scrolls of fog
 q - a scroll of holy word
 r - 5 scrolls of identify
 s - 5 scrolls of remove curse
 t - 2 scrolls of fear
Potions
 b - 2 potions of brilliance
 d - 10 potions of curing
 e - 9 potions of heal wounds
 f - 6 potions of haste
 g - 7 potions of magic
 h - 3 potions of berserk rage
 j - 2 potions of invisibility
 k - 4 potions of resistance
 m - 5 potions of agility
 n - 5 potions of might
Miscellaneous
 I - a lightning rod (2/4)
 L - a crystal ball of energy
Comestibles
 c - 7 rations


   Skills:
 * Level 10.3 Long Blades
 - Level 2.1 Dodging
 - Level 1.7 Stealth
 - Level 2.1 Spellcasting
   Level 1.1 Conjurations
 - Level 3.6 Ice Magic


You had 5 spell levels left.
You knew the following spells:

 Your Spells              Type           Power        Failure   Level  Hunger
a - Freeze                Ice            ##..         100%        1    #......

Your spell library contained the following spells:

 Spells                   Type           Power        Failure   Level  Hunger
 Apportation              Tloc           #.....       100%        1    #......
 Summon Butterflies       Summ           #.......     100%        1    #......
 Summon Small Mammal      Summ           #...         100%        1    #......
 Shroud of Golubria       Chrm/Tloc      #.........   100%        2    ###....
 Throw Frost              Conj/Ice       #.....       100%        2    ###....
 Ozocubu's Armour         Chrm/Ice       #.......     100%        3    ###....
 Summon Ice Beast         Ice/Summ       #.......     100%        4    #####..
 Throw Icicle             Conj/Ice       #.......     100%        4    #####..
 Shadow Creatures         Summ           N/A          100%        6    #######
 Controlled Blink         Tloc           N/A          100%        8    #######


Dungeon Overview and Level Annotations

Branches:
Dungeon (1/1)

Altars:
Ashenzari
Cheibriados
Dithmenos
Elyvilon
Fedhas
Gozag
Hepliaklqana
Kikubaaqudgha
Makhleb
Nemelex Xobeh
Okawaru
Qazlal
Ru
Sif Muna
Trog
Uskayaw
Vehumet
Wu Jian
Xom
Yredelemnul
Zin
The Shining One
Beogh
Jiyva
Lugonu

Annotations:
D 1 transporter


Innate Abilities, Weirdness & Mutations

Shadows flee at your approach. (+LOS)
You can swim through water.
You cover ground slowly.
You can hop short distances.


Message History

GONNNNG!
Your shield and Maxwell's patent armour prevent you from hitting the +0 You block the +2 trident of piercing's attack.
GONNNNG!
The +0 scimitar of holy wrath hits you but does no damage.
Unknown command.
You closely miss the +0 scimitar of holy wrath.
You block the +2 trident of piercing's attack.
PTOANNNG!
The +0 scimitar of holy wrath hits you!
Ouch! That really hurt!
* * * LOW HITPOINT WARNING * * *
Unknown command.
You feel much better.
The +2 trident of piercing hits you from afar!
You block the +0 scimitar of holy wrath's attack.
GONNNNG!
You hear some strange, mumbled words.
The +2 trident of piercing hits you from afar!
* * * LOW HITPOINT WARNING * * *
You die...

▓▓▓▓▓▓▓▓▓▓▓▓▓
▓.8©8.▓.8©8.▓
▓.)?:.▓.....▓
▓.....▓.....▓
▓.....▓.....▓
▓..(..▓.....▓
▓..(..▓..©..▓
▓..@..▓▓▓▓▓▓▓
▓▓▓▓▓▓▓


You could see 2 dancing weapons.

Vanquished Creatures
  A quasit (D)
  A shadow imp (D)
2 creatures vanquished.

Notes
Turn   | Place    | Note
-------+----------+-------------------------------------------
     0 | D        | Found the +6 Majin-Bo {vamp, Archmagi MP+6 Int+6}
     0 | D        | Found the +7 great mace "Firestarter" {inner flame, rF++}
     0 | D        | Leeroy the Barachi Ice Elementalist began the quest for the
                  | Orb.
     0 | D        | Reached XP level 1. HP: 13/13 MP: 3/3
     0 | D        | Found a transporter.
     0 | D        | Found an ancient bone altar of Kikubaaqudgha.
     0 | D        | Found a viscous altar of Jiyva.
     0 | D        | Found a corrupted altar of Lugonu.
     0 | D        | Found a hazy altar of Hepliaklqana.
     0 | D        | Found a burning altar of Makhleb.
     0 | D        | Found an opulent altar of Gozag.
    19 | D        | Found the +9 heavy crossbow "Sniper" {velocity, Acc+∞ SInv}
    19 | D        | Found the +10 dark maul {crush}
    19 | D        | Found the +15 Maxwell's patent armour {-Cast -Tele rElec
                  | MR+ rCorr}
    19 | D        | Found the +18 shield of the Gong {rElec rN+ MR+ EV-5}
    19 | D        | Found the cursed +14 obsidian axe {chop, +Fly SInv *Curse}
    23 | D        | Found the +6 shillelagh "Devastator" {shatter}
    23 | D        | Found the +11 plutonium sword {*Contam Stlth-}
    23 | D        | Found the +8 lance "Wyrmbane" {slay drac, rPois rF+ rC+
                  | AC+3}
    23 | D        | Found the +9 sword of Zonguldrok {reap}
    23 | D        | Found the cursed +13 scythe of Curses {drain, *Curse}
    23 | D        | Found the +0 sword of Power
    23 | D        | Found the +7 mace of Variability {chain chaos}
    23 | D        | Found the +7 Singing Sword {slice, sonic wave}
    23 | D        | Found the +7 longbow "Piercer" {penet, EV-2}
    60 | D        | Became a worshipper of Qazlal Stormbringer
    92 | D        | Reached skill level 8 in Long Blades
    92 | D        | Reached XP level 2. HP: 19/19 MP: 5/5
    97 | D        | Entered arena 2.
    97 | D        | Found a transporter.
   102 | D        | Reached skill level 10 in Long Blades
   102 | D        | Reached XP level 3. HP: 23/24 MP: 6/6
   115 | D        | Got the Volume of Warped Calling
   118 | D        | Entered arena 3.
   118 | D        | Noticed a deep elf knight
   118 | D        | Noticed a +0 scimitar of holy wrath
   118 | D        | Noticed a +2 trident of piercing
   118 | D        | Found a transporter.
   123 | D        | Slain by a +2 trident of piercing

Vault maps used:
D:        sprint_v

Skill      XL: |  1  2 |
---------------+-------+-----
Long Blades    | 8 10 | 10.3
Dodging        | |  2.1
Stealth        | |  1.7
Spellcasting   | |  2.1
Conjurations   | |  1.1
Ice Magic      | |  3.6

Action                   || total
-------------------------++-------
Melee: Demon blade       ||    12
Evoke: Lightning rod     ||     2
  Use: Potion            ||     2
Armor: Plate armour      ||     7
Block: Shield            ||    21

Table legend:
 A = Non-vault XP
 B = Vault XP
 C = Vault XP percentage of total XP
 D = Non-vault monster count
 E = Vault monster count
 F = Vault count percentage of total count
                 A         B        C        D         E       F
            +---------+---------+-------+---------+---------+-------
      Total |       0 |      54 | 100.0 |       0 |       2 | 100.0
            +---------+---------+-------+---------+---------+-------
          D |       0 |      54 | 100.0 |       0 |       2 | 100.0
            +---------+---------+-------+---------+---------+-------
